 Dungeon Crawl Stone Soup version 0.25.1-2-g60ff931df9 (webtiles) character file.

Game seed: 15650305949216741061

347 lepoulpe303 the Ducker (level 6, -2/31 (32) HPs)
             Began as a Spriggan Abyssal Knight on July 30, 2020.
             Was a Believer of Lugonu.
             Killed by divine providence
             ... invoked by an orc priest
              (13 damage)
             ... on level 4 of the Dungeon.
             The game lasted 00:21:52 (7982 turns).

lepoulpe303 the Ducker (Spriggan Abyssal Knight)    Turns: 7982, Time: 00:21:52

HP:   -2/31 (32)    AC:  2    Str: 10    XL:     6   Next: 33%
MP:   9/9           EV: 20    Int: 13    God:    Lugonu [**....]
Gold: 260           SH:  0    Dex: 16    Spells: 5/5 levels left

rFire    x . .     SeeInvis +   a - +1 short sword
rCold    + . .     Gourm    .   (shield restricted)
rNeg     . . .     Faith    .   b - +0 robe
rPois    .         Spirit   .   (helmet restricted)
rElec    .         Reflect  .   (no cloak)
rCorr    .         Harm     .   (gloves unavailable)
MR       +....                  (boots unavailable)
Stlth    ++........             (no amulet)
HPRegen  0.10/turn              g - ring of ice {rC+, rF-}
MPRegen  0.11/turn              (no ring)

@: very quick
A: very small, unfitting armour, see invisible, herbivore, speed 3, slow
metabolism 2
a: Depart the Abyss, Bend Space, Renounce Religion


You were on level 4 of the Dungeon.
You worshipped Lugonu.
Lugonu was pleased with you.
You were not hungry.

You visited 1 branch of the dungeon, and saw 4 of its levels.
You visited the Abyss 1 time.

You collected 260 gold pieces.

Inventory:

Hand Weapons
 a - a +1 short sword (weapon)
Missiles
 r - 22 sling bullets
 u - 5 boomerangs of dispersal {=f}
 x - a throwing net {=f}
 y - 2 boomerangs (quivered)
Armour
 b - a +0 robe (worn)
Jewellery
 g - a ring of ice (left hand) {rC+, rF-}
 o - a +4 ring of protection
 w - an uncursed amulet of regeneration {unknown}
Scrolls
 c - 7 scrolls of remove curse {unknown}
 d - a scroll of magic mapping {unknown}
 h - a scroll of random uselessness {unknown}
 i - 4 scrolls of identify
 j - a scroll of blinking {unknown}
 l - 2 scrolls of teleportation {unknown}
 q - 2 scrolls of amnesia {unknown}
 t - a scroll of enchant armour {unknown}
 v - a scroll of fog {unknown}
Potions
 f - 2 potions of curing {unknown}
 k - a potion of mutation {unknown}
 m - a potion of berserk rage {unknown}
 p - a potion of stabbing {unknown}
 s - a potion of lignification {unknown}
Comestibles
 e - 10 rations


   Skills:
 * Level 3.6 Fighting
 * Level 4.1 Short Blades
 + Level 0.0 Throwing
 + Level 5.0 Dodging
 + Level 3.0 Stealth
 * Level 3.5 Invocations


You had 5 spell levels left.
You didn't know any spells.
Your spell library was empty.

Dungeon Overview and Level Annotations

Branches:
Dungeon (4/15)
 Temple: D:4-7

Altars:
Ashenzari
Trog
Uskayaw
Yredelemnul

Annotations:
D:4 2 transporters, Jaiteiro's ghost, amateur MiFi


Innate Abilities, Weirdness & Mutations

You are very small and have problems with some larger weapons.
You are too small for most types of armour.
You have supernaturally acute eyesight. (SInv)
You are a herbivore.
You cover ground extremely quickly.
You need to consume almost no food.


Message History

You take 2 damage, and have 10/31 hp.
The gnoll shaman looks more healthy.
The orc throws a boomerang.
The boomerang completely misses you.
The weapon returns to the orc!
The orc priest casts a cantrip, but nothing happens.
Things that are here:
a +0 whip; a gnoll corpse The gnoll shaman prays to its god.
The gnoll shaman is healed somewhat.
The orc throws a boomerang.
The boomerang completely misses you.
The weapon returns to the orc!
The gnoll shaman prays to its god.
The gnoll shaman is healed somewhat.
The orc throws a boomerang.
The boomerang barely misses you.
The weapon returns to the orc!
There is an open door here.
You close the door.
The orc priest shouts!
The orc priest invokes the aid of Beogh against you.
Beogh smites you!
You die...

#.##.# #.# ##.## #
#.##.###.# #.# # #........#
#o# # ###.....## ##'## #
##.##.# ##...## # ####.#
##.....## ### ##.##
##.......## ##.#
##...####...).....####...
###.......@...<.....'......
#........##.........####...
#......#.###.......## ##.#
#..##..#.# ##.....## ###
#......#.#####...## #
#...#........##(## #
#...#..#.###.##.# #
#......#.# #.##(# #
#........###.##.####### #


You could see an orc priest.

Levels and vault maps discovered:
D:1:      lightli_arrival_flooded_house, layout_basic
D:2:      layout_basic, kennysheep_generic_room_13
D:3:      layout_basic, lemuel_crystal_altar, roderic_lattice_a,
          dk_yredelemnul_ordeal
D:4:      layout_loops_corners, dancing_weapons_uskayaw,
          gammafunk_ghost_mausoleum, trog_three_pillars_becter

Notes
Turn   | Place    | Note
-------+----------+-------------------------------------------
     0 | Abyss:1  | lepoulpe303 the Spriggan Abyssal Knight began the quest for
                  | the Orb.
     0 | Abyss:1  | Reached XP level 1. HP: 11/11 MP: 3/3
    23 | Abyss:1  | Noticed an orange demon
    40 | Abyss:1  | Noticed a great orb of eyes
    55 | Abyss:1  | Noticed a small abomination
    60 | Abyss:1  | Noticed a small abomination
    82 | Abyss:1  | Noticed a wretched star
    82 | Abyss:1  | Noticed a chaos spawn
   103 | Abyss:2  | Noticed a ynoxinul
   138 | Abyss:2  | Noticed a neqoxec
   159 | Abyss:2  | Noticed a small abomination
   161 | Abyss:2  | Found a hazy altar of Hepliaklqana.
   199 | Abyss:2  | Noticed a starcursed mass
   210 | Abyss:2  | Noticed a worldbinder
   305 | Abyss:3  | Identified a scroll of immolation
   306 | Abyss:3  | Identified a scroll of identify
   306 | Abyss:3  | Identified a ring of ice (You found it on level 2 of the
                  | Abyss)
  1239 | D:1      | Escaped the Abyss
  1255 | D:1      | Identified a cursed -1 club
  1580 | D:1      | Reached skill level 2 in Invocations
  1765 | D:1      | Identified a +0 club
  1772 | D:1      | Reached XP level 2. HP: 16/16 MP: 4/4
  2031 | D:1      | Identified a +0 club
  2313 | D:1      | Identified a +0 dagger
  2316 | D:1      | Identified a +0 dagger
  2319 | D:1      | Reached skill level 1 in Stealth
  2365 | D:1      | Reached XP level 3. HP: 19/19 MP: 5/5
  2537 | D:2      | Identified a +0 club
  2538 | D:2      | Identified a +0 dagger
  2552 | D:2      | Reached * piety under Lugonu
  2557 | D:2      | Reached skill level 4 in Dodging
  2690 | D:2      | Identified a +0 club
  3011 | D:2      | Reached skill level 3 in Short Blades
  3101 | D:2      | Identified a +0 dagger
  3105 | D:2      | Reached XP level 4. HP: 23/23 MP: 6/6
  3326 | D:2      | Identified a +0 club
  3524 | D:2      | Identified a +0 dagger
  3530 | D:2      | Reached skill level 3 in Fighting
  3585 | D:3      | Found a shattered altar of Ashenzari.
  3938 | D:3      | Identified a +0 club
  3954 | D:3      | HP: 2/24 [hobgoblin/+0 club (5)]
  4287 | D:3      | Identified a +0 short sword
  4287 | D:3      | Identified a cursed +0 scale mail
  4515 | D:3      | Identified a +4 ring of protection
  4586 | D:3      | HP: 6/24 [adder (4)]
  4594 | D:3      | Found a runed translucent door.
  4594 | D:3      | Noticed a human
  4594 | D:3      | HP: 5/24 [poisoned by an adder]
  4595 | D:3      | Found a basalt altar of Yredelemnul.
  4600 | D:3      | HP: 4/24 [poisoned by an adder]
  4852 | D:3      | HP: 4/24 [hobgoblin/+0 club (4)]
  5239 | D:3      | Reached skill level 2 in Stealth
  5401 | D:3      | Reached XP level 5. HP: 22/28 MP: 8/8
  5426 | D:3      | Reached skill level 3 in Invocations
  5968 | D:4      | Found a bloodstained altar of Trog.
  6014 | D:4      | Found a transporter.
  6014 | D:4      | Noticed Jaiteiro's ghost (amateur MiFi)
  6027 | D:4      | Found a transporter.
  6258 | D:4      | Noticed a necrophage
  6501 | D:4      | Identified a +0 whip
  6501 | D:4      | Identified a +0 chain mail
  6503 | D:4      | Identified a +1 short sword of protection
  6503 | D:4      | Identified a +0 scale mail
  6503 | D:4      | Identified a +0 club
  6503 | D:4      | Identified a cursed +0 trident
  6503 | D:4      | Identified a cursed +0 ring mail
  6771 | D:4      | Noticed a phantom
  6814 | D:4      | Identified a +0 dagger
  6814 | D:4      | Noticed a +0 dagger
  6814 | D:4      | Identified a +0 dagger
  6814 | D:4      | Noticed a +0 dagger
  6816 | D:4      | Found a hide-covered altar of Uskayaw.
  7105 | D:4      | Identified a +0 spear
  7302 | D:4      | Killed a necrophage
  7302 | D:4      | Reached ** piety under Lugonu
  7302 | D:4      | Reached XP level 6. HP: 18/31 MP: 9/9
  7341 | D:4      | Identified a +0 falchion
  7354 | D:4      | Identified a +0 whip
  7472 | D:4      | Identified a +0 short sword
  7512 | D:3      | Reached skill level 4 in Short Blades
  7512 | D:3      | Reached skill level 5 in Dodging
  7674 | D:4      | Identified a +0 whip
  7692 | D:3      | Reached skill level 3 in Stealth
  7822 | D:4      | Identified a +0 war axe
  7822 | D:4      | Identified a +0 leather armour
  7951 | D:4      | Identified a +0 flail
  7982 | D:4      | Killed from afar by an orc priest

Table legend:
 A = Turns spent in this place as a percentage of turns spent in the entire game.
 B = Non-inter-level travel turns spent in this place as a percentage of non-inter-level travel turns spent in the entire game.
 C = Inter-level travel turns spent in this place as a percentage of turns spent in this place.
 D = Turns resting spent in this place as a percentage of non-inter-level travel turns spent in this place.
 E = Turns spent auto-exploring this place as a percentage of non-inter-level travel turns spent in this place.
 F = Non-inter-level travel turns spent in this place divided by the number of levels of this place that you've seen.
                   A       B       C       D       E      F
               +-------+-------+-------+-------+-------+----------------------
         Total | 100.0 | 100.0 |   1.6 |  40.9 |  27.6 | 1122.4
       Dungeon |  84.5 |  84.2 |   1.9 |  43.4 |  32.8 | 1654.5
         Abyss |  15.5 |  15.8 |   0.0 |  27.4 |   0.0 | 413.0
               +-------+-------+-------+-------+-------+----------------------

Table legend:
 A = Kills in this place as a percentage of kills in entire the game.
 B = Kills by you in this place as a percentage of kills by you in the entire game.
 C = Kills by friends in this place as a percentage of kills by friends in the entire game.
 D = Other kills in this place as a percentage of other kills in the entire game.
 E = Experience gained in this place as a percentage of experience gained in the entire game.
 F = Experience gained in this place divided by the number of levels of this place that you have seen.
                   A       B       C       D       E      F
               +-------+-------+-------+-------+-------+----------------------
         Total | 100.0 | 100.0 |   N/A |   N/A | 100.0 |  71.0
       Dungeon | 100.0 | 100.0 |   N/A |   N/A | 100.0 | 124.2
               +-------+-------+-------+-------+-------+----------------------

Skill      XL: |  1  2  3  4  5  6 |
---------------+-------------------+-----
Invocations    | 2 3 |  3.5
Stealth        | 1 2 3 |  3.0
Dodging        | 4 5 |  5.0
Short Blades   | 3 4 |  4.1
Fighting       | 3 |  3.6

Action                   |  1- 3 |  4- 6 || total
-------------------------+-------+-------++-------
Melee: Short sword       |   131 |   220 ||   351
Throw: Dart              |       |    36 ||    36
       Boomerang         |       |     3 ||     3
Invok: Depart the Abyss  |     1 |       ||     1
  Use: Scroll            |     2 |       ||     2
 Stab: Sleeping          |     4 |     7 ||    11
  Eat: Ration            |       |     3 ||     3
Armor: Robe              |    11 |    19 ||    30
Dodge: Dodged            |    91 |   150 ||   241

Vanquished Creatures
  A necrophage (D:4)
  A human skeleton (D:3)
  A worker ant (D:4)
  6 adders
  5 gnolls
  An ooze (D:2)
  An adder skeleton (D:4)
  5 worms
  4 dart slugs
  4 leopard geckos
  3 orcs
  5 giant cockroaches
  11 goblins
  8 hobgoblins
  2 jackals (D:2)
  3 kobolds
  6 bats
  3 frilled lizards
  A quokka skeleton (D:4)
  11 rats
82 creatures vanquished.

Vanquished Creatures (others)
  A lurking horror (Abyss:3)
1 creature vanquished.

Grand Total: 83 creatures vanquished
